AoeStats
← Murdoc

Arabia

513986434Analyzed
1v1 RM · 4d ago on Oct 16, 2026· 54m 56s· 2 players
Game mode
Random Map
Map size
Tiny (2 player)
Population
200
Speed
Normal
Resources
Standard
Victory
Conquest
Starting age
Dark Age
Ending age
Imperial Age
RankedLock teamsTeams togetherTeam positionsShared explorationLock speedFull tech treeHidden civsTurbo modeCheats
Victory
Defeat
🇦🇷 Magyars · Argentina
814
+16
vs
🇲🇽 Aztecs · Mexico
814
-16
Murdoc
5:58 Loom
9:09 Feudal Age
14:36 Bloodlines
15:57 Horse Collar
21:46 Castle Age
20:25 Fletching
21:52 Crossbowman
26:17 Gold Mining
26:42 Scale Barding Armor
29:26 Heavy Plow
29:12 Double-Bit Axe
38:37 Wheelbarrow
42:28 Imperial Age
40:44 Elite Skirmisher
43:00 Arbalester
43:39 Bodkin Arrow
44:21 Cavalier
45:44 Bow Saw
46:04 Thumb Ring
47:52 Light Cavalry
50:43 Chain Barding Armor
53:27 Hoardings
BootlegBlock03
12:15 Feudal Age
12:58 Double-Bit Axe
18:52 Forging
18:43 Scale Mail Armor
19:23 Man-at-Arms
19:52 Arson
20:30 Loom
22:53 Fletching
31:36 Castle Age
31:42 Pikeman
34:26 Elite Skirmisher
37:46 Squires
45:05 Bow Saw
45:27 Stone Mining
47:52 Iron Casting
47:13 Bodkin Arrow
50:59 Redemption
51:04 Fervor
51:45 Wheelbarrow
52:01 Devotion
53:59 Ballistics
Connection lost

Rejoining the realm…

Still unreachable

The connection could not be restored.

Session expired

The server has moved on; the page needs a fresh start.